 Dungeon Crawl Stone Soup version 0.30-b1-2-g02819fbbbe (webtiles) character file.

Game seed: 2040516095280844106

138 loralnil the Ruffian (level 5, -3/42 HPs)
             Began as a Draconian Transmuter on Nov 17, 2023.
             Splashed by a jelly's acid (10 damage)
             ... in a sewer.
             The game lasted 00:10:05 (2554 turns).

loralnil the Ruffian (Draconian Transmuter)         Turns: 2554, Time: 00:10:05

Health: -3/42      AC:  1    Str: 12    XL:     5   Next: 1%
Magic:  9/9        EV: 12    Int: 16    God:
Gold:   187        SH:  0    Dex: 11    Spells: 3/9 levels left

rFire   . .          .
                       - Unarmed
rCold   . . .        (no shield)
rNeg    . . .        (body armour unavailable)
rPois   .            (helmet currently unavailable)
rElec   .            (no cloak)
rCorr   .            (no gloves)
SInv    .            j - melded +1 pair of boots
Will    .....        (no amulet)
Stlth   +            (no ring)
HPRegen 0.27/turn    (no ring)
MPRegen 0.11/turn

%: no passive effects
@: appendages (expiring), corroded
A: horns 2, talons 2, AC +5, unfitting armour, cold-blooded
a: End Transformation


You were in a sewer.
You had temporarily grown beastly horns and talons.
You visited 1 branch of the dungeon, and saw 3 of its levels.
You also visited: Sewer.

You collected 187 gold pieces.

Inventory:

Armour
 j - a +1 pair of boots (melded)
Wands
 d - a wand of iceblast (7)
Scrolls
 c - a scroll of enchant armour
Potions
 a - a potion of lignification
 b - a potion of curing
 e - a potion of brilliance {unknown}
 f - 4 potions of ambrosia
 i - a potion of might {unknown}
 k - a potion of magic {unknown}


   Skills:
 + Level 2.3 Fighting
 + Level 2.4 Dodging
 + Level 3.5 Unarmed Combat
 + Level 2.6 Spellcasting
 + Level 2.8 Transmutations
 + Level 1.3 Poison Magic


You had 3 spell levels left.
You knew the following spells:

 Your Spells              Type           Power      Damage    Failure   Level
a - Beastly Appendage     Tmut           22%        N/A       6%          1
b - Wereblood             Tmut           11%        N/A       9%          2
c - Spider Form           Tmut/Pois      8%         N/A       24%         3

Your spell library contained the following spells:

 Spells                   Type           Power      Damage    Failure   Level
 Ice Form                 Ice/Tmut       6%         N/A       71%         4


Dungeon Overview and Level Annotations

Branches:
Dungeon (3/15)              Sewer (1/1)

Altars:


Innate Abilities, Weirdness & Mutations

You have temporarily grown beastly horns and talons.
Your plain brown scales are hard. (AC +5)
You cannot fit into any form of body armour.
You are cold-blooded and may be slowed by cold attacks.


Message History

The jelly misses you.
You barely miss the adder. Your kick misses the adder.
The adder barely misses you. The jelly misses you.
You hit the adder but do no damage. You claw the adder.
The adder is moderately wounded.
Your transformation is almost over.
The adder bites you but does no damage. The jelly hits you.
You are splashed with acid!
You barely miss the adder.
The adder is moderately wounded.
The adder misses you. The adder barely misses you.
The jelly hits you but does no damage.
You hit the adder but do no damage. Your kick misses the adder.
The adder is moderately wounded.
The adder misses you.
You hit the adder but do no damage.
The adder is moderately wounded.
The jelly hits you but does no damage. The adder bites you but does no damage.
You closely miss the adder. Your headbutt misses the adder.
You tail-slap the adder.
The adder is heavily wounded.
The jelly hits you but does no damage. The adder barely misses you.
You hit the adder.
The adder is severely wounded.
The adder bites you but does no damage. The jelly hits you.
You are splashed with acid!
You miss the adder. Your headbutt misses the adder.
You tail-slap the adder, but do no damage.
The adder is severely wounded.
The adder bites you but does no damage. The jelly hits you.
The acid corrodes you!
You are splashed with acid!
* * * LOW HITPOINT WARNING * * *
The adder bites you.
* * * LOW HITPOINT WARNING * * *
You hit the adder but do no damage. Your punch misses the adder.
The adder is severely wounded.
The jelly hits you.
* * * LOW HITPOINT WARNING * * *
You are splashed with acid!
You die...

##### #._.# #.[.##
#~.~.# ####~..~#
#..~~..~##
##.~.~....##
#~S@####.~~# #~.J##
##~.# #~.# ####~.##
#~.. ##~~~.~~## #.~~
##∩.~~..~.# ## #...
#~.~###~~~# #. #...
#.~##)##~.#### #.
##.~~ #~~#.)
#~..~.###.
#~.##..~~.##.....~##†


You could see a jelly and an adder.

Vanquished Creatures
  A jelly (Sewer)
  2 adders (D:2)
  A river rat (Sewer)
  2 dart slugs
  3 orcs (D:3)
  9 ball pythons
  5 bats
  10 endoplasms
  4 giant cockroaches
  5 goblins
  6 hobgoblins
  2 jackals (D:1)
  4 frilled lizards
  4 kobolds
  11 rats
69 creatures vanquished.

Vanquished Creatures (collateral kills)
  A hobgoblin (D:3)
1 creature vanquished.

Grand Total: 70 creatures vanquished

Notes
Turn   | Place    | Note
-------+----------+-------------------------------------------
     0 | D:1      | loralnil the Draconian Transmuter began the quest for the
                  | Orb.
     0 | D:1      | Reached XP level 1. HP: 16/16 MP: 3/3
   143 | D:1      | Reached XP level 2. HP: 17/23 MP: 3/5
   880 | D:2      | Reached XP level 3. HP: 29/29 MP: 4/6
   901 | D:2      | Learned a level 2 spell: Wereblood
   905 | D:2      | Learned a level 3 spell: Spider Form
  1158 | D:2      | Found a faded altar of an unknown god.
  1798 | D:2      | Reached XP level 4. HP: 26/36 MP: 5/7
  2249 | D:3      | Found a glowing drain.
  2263 | Sewer    | Entered a sewer
  2351 | Sewer    | Reached skill level 1 in Poison Magic
  2475 | Sewer    | Found a viscous altar of Jiyva.
  2488 | Sewer    | Reached XP level 5. HP: 30/42 MP: 7/9
  2554 | Sewer    | Splashed by a jelly's acid

Illustrated notes

Levels and vault maps discovered:
D:1:      onia_arrival_mini_maze_b, layout_basic, minivault_26,
          chequers_serial_rivers_large_b
D:2:      layout_loops_corners, chequers_ecumenical_altar_simple_redux,
          palyth_stone_intersect
D:3:      layout_loops_ring, portal_sewer_entry_a
Sewer:    sewer_hellmonk_slimy_pipes

Skill      XL: |  1  2  3  4 |
---------------+-------------+-----
Dodging        | 2 |  2.4
Fighting       | 2 |  2.3
Poison Magic   | 1 |  1.3
Unarmed Combat | |  3.5
Spellcasting   | |  2.6
Transmutations | |  2.8

Action                     |  1- 3 |  4- 6 || total
---------------------------+-------+-------++-------
  Melee: Unarmed           |   107 |    92 ||   199
         Headbutt          |    16 |    10 ||    26
         Tailslap          |    14 |     7 ||    21
         Kick              |    24 |    20 ||    44
         Punch             |       |     2 ||     2
   Cast: Beastly Appendage |    33 |    19 ||    52
    Use: Scroll            |       |     7 ||     7
 Armour: Skin              |    36 |    38 ||    74
  Dodge: Dodged            |    63 |    70 ||   133
